 Dungeon Crawl Stone Soup version 0.30.0-20-g3615ddf2f0 (webtiles) character file.

Game seed: 17388128998187269865

608 qw the Shield-Bearer (level 7, 0/41 HPs)
             Began as a Gargoyle Fighter on May 31, 2023.
             Slain by an orc
             ... wielding a +2 falchion of protection
              (2 damage)
             ... on level 5 of the Dungeon.
             The game lasted 00:02:02 (4068 turns).

qw the Shield-Bearer (Gargoyle Fighter)             Turns: 4068, Time: 00:02:02

Health: 0/41       AC: 20    Str: 21    XL:     7   Next: 43%
Magic:  7/7        EV:  3    Int:  9    God:
Gold:   40         SH: 13    Dex:  9    Spells: 6/6 levels left

rFire   + . .        Y - +0 war axe
rCold   . . .        j - +0 tower shield
rNeg    + + .        p - +0 plate armour
rPois   inf          q - +0 helmet
rElec   +            (no cloak)
rCorr   .            f - +1 pair of gloves
SInv    +            g - +0 pair of boots
Will    .....        (no amulet) Stlth
                     n - ring of Fustrogg {rElec rF+ rN+}
HPRegen 0.26/turn    o - ring of see invisible
MPRegen 0.10/turn

%: no passive effects
@: no status effects
A: sickness immunity, AC +4, negative energy resistance 1, electricity
resistance, torment resistance 1, petrification resistance
a: no special abilities


You were on level 5 of the Dungeon.
You visited 1 branch of the dungeon, and saw 5 of its levels.
You also visited: Sewer.

You collected 190 gold pieces.
You spent 150 gold pieces at shops.


Innate Abilities, Weirdness & Mutations

You are immune to sickness and miasma.
Your stone body is resilient. (AC +4)
You are immune to poison.
You resist negative energy. (rN+)
You are resistant to electric shocks. (rElec)
You are resistant to unholy torment.
You are immune to petrification.


   Skills:
 - Level 3.2 Fighting
 - Level 4.1 Axes
 - Level 3.2 Armour
 + Level 7.9 Shields


You had 6 spell levels left.
You didn't know any spells.
Your spell library was empty.

Inventory:

Hand Weapons
 c - a +2 whip of freezing
 Y - a +0 war axe (weapon)
Missiles
 l - 2 boomerangs (quivered)
Armour
 f - a +1 pair of gloves (worn)
 g - a +0 pair of boots (worn)
 j - a +0 tower shield (worn)
 p - a +0 plate armour (worn)
 q - a +0 helmet (worn)
Jewellery
 n - the ring of Fustrogg (left hand) {rElec rF+ rN+}
   (You found it on level 2 of the Dungeon)

   [ring of protection from fire]

   rF:        It protects you from fire.
   rElec:     It insulates you from electricity.
   rN:        It protects you from negative energy.
 o - a ring of see invisible (right hand)
 r - a ring of ice
Scrolls
 a - a scroll of identify
Potions
 b - a potion of attraction
 d - 2 potions of might
 e - 3 potions of mutation
 h - a potion of cancellation
 i - a potion of curing
 k - a potion of brilliance {unknown}
 m - a potion of magic {unknown}

Dungeon Overview and Level Annotations

Branches:
Dungeon (5/15)              Sewer (visited)
 Temple: D:4-7

Altars:

Shops:
D:4 =


Message History

The water moccasin bites you but does no damage.
The orc hits you but does no damage. You block the orc wizard's attack.
You hit the orc wizard.
The orc wizard is almost dead.
You closely miss the water moccasin. You closely miss the orc.
You block the water moccasin's attack. You block the orc wizard's attack.
The water moccasin bites you but does no damage.
The orc barely misses you.
You closely miss the orc wizard.
The orc wizard is almost dead.
You closely miss the water moccasin. You barely miss the orc.
You block the water moccasin's attack.
The orc wizard casts a spell.
The orc wizard flickers and vanishes for a moment.
The orc hits you with a +2 falchion of protection.
You block the water moccasin's attack. The orc hits you but does no damage.
The orc wizard hits you but does no damage.
You closely miss the orc wizard.
The orc wizard is almost dead.
You barely miss the water moccasin. You completely miss the orc.
You block the water moccasin's attack.
The water moccasin bites you but does no damage.
The orc wizard hits you but does no damage.
The orc hits you with a +2 falchion of protection.
You closely miss the orc wizard.
The orc wizard is almost dead.
You barely miss the water moccasin. You closely miss the orc.
You block the water moccasin's attack.
The orc wizard hits you with a +0 dagger.
You block the orc's attack.
The water moccasin bites you but does no damage.
You block the orc wizard's attack.
The orc hits you with a +2 falchion of protection.
You closely miss the orc wizard.
The orc wizard is almost dead.
You hit the water moccasin. You completely miss the orc.
The water moccasin bites you. You block the water moccasin's attack.
You block the orc wizard's attack.
The orc hits you with a +2 falchion of protection.
You die...

######
##....######## ##.
.#.....##....# ..
........#....# ..
.............# #.#
.............# #..#
.............# ..#
.............####.#
.........##..).S@.#
.............).oo.#
........###)%#..###
.###.#>.........#
.# .........#.# .#
.)......?..#
............
............#
............


You could see a water moccasin, an orc wizard (invisible) and an orc.

Vanquished Creatures
  A water moccasin (Sewer)
  A phantom (D:5)
  A hound (D:5)
  2 orc priests (D:5)
  An iguana (D:3)
  Natasha (thrice) (D:3)
  An orc wizard (D:5)
  A gnoll (D:1)
  2 river rats (D:3)
  9 adders
  An ufetubus (D:4)
  A worm (D:3)
  8 orcs
  8 ball pythons
  6 bats
  4 endoplasms
  3 giant cockroaches
  10 goblins
  8 hobgoblins
  9 jackals
  2 quokkas
  2 frilled lizards (D:1)
  6 kobolds
  9 rats
99 creatures vanquished.

Notes
Turn   | Place    | Note
-------+----------+-------------------------------------------
     0 | D:1      | qw the Gargoyle Fighter began the quest for the Orb.
     0 | D:1      | Reached XP level 1. HP: 14/14 MP: 1/1
     0 | D:1      | 0 ||| qw: Version: 0.2-a-102-gfc559e5
     0 | D:1      | 0 ||| qw: Game counter: 564
     0 | D:1      | 0 ||| qw: Always use a shield: true
     0 | D:1      | 0 ||| qw: God list: Okawaru
     0 | D:1      | 0 ||| qw: Allow faded altars: false
     0 | D:1      | 0 ||| qw: Do Orc after D:15 true
     0 | D:1      | 0 ||| qw: Do second Lair branch before Depths: true
     0 | D:1      | 0 ||| qw: Lair rune preference: random
     0 | D:1      | 0 ||| qw: Plans: Normal, Zot:1-4, Slime:5, God:TSO, Crypt,
                  | Tomb, Pan, Hells, Abyss, Win
     0 | D:1      | 0 ||| PLANNING D:1-11
   190 | D:1      | Reached XP level 2. HP: 19/19 MP: 2/2
   253 | D:1      | 253 ||| Stepping ~*~*~tactically~*~*~ (stealth).
   320 | D:1      | 320 ||| Stepping ~*~*~tactically~*~*~ (hiding).
   324 | D:1      | 324 ||| Stepping ~*~*~tactically~*~*~ (hiding).
   331 | D:1      | Reached skill level 3 in Axes
   437 | D:1      | Reached XP level 3. HP: 23/23 MP: 3/3
   530 | D:1      | 530 ||| Stepping ~*~*~tactically~*~*~ (stealth).
   710 | D:1      | 710 ||| Stepping ~*~*~tactically~*~*~ (stealth).
  1059 | D:1      | 1059 ||| UPGRADING to +0 pair of boots.
  1064 | D:1      | 1064 ||| UPGRADING to +0 tower shield.
  1074 | D:1      | 1074 ||| DROPPING +0 buckler.
  1075 | D:1      | 1075 ||| UPGRADING to +0 chain mail.
  1085 | D:1      | 1085 ||| DROPPING +0 scale mail.
  1086 | D:1      | 1086 ||| DROPPING amulet of magic regeneration.
  1087 | D:1      | 1087 ||| DROPPING ring of wizardry.
  1088 | D:1      | 1088 ||| READING 3 scrolls labelled ZOUTHR PIAKH.
  1089 | D:1      | 1089 ||| READING scroll labelled ROBISU ULUUQU.
  1090 | D:1      | 1090 ||| READING 2 scrolls of identify.
  1090 | D:1      | 1090 ||| IDENTIFYING lumpy emerald potion
  1121 | D:2      | 1121 ||| STAIRDANCE
  1139 | D:2      | 1139 ||| Stepping ~*~*~tactically~*~*~ (stealth).
  1170 | D:2      | 1170 ||| FLEEEEING.
  1171 | D:2      | 1171 ||| FLEEEEING.
  1172 | D:2      | 1172 ||| FLEEEEING.
  1173 | D:2      | 1173 ||| FLEEEEING.
  1174 | D:2      | 1174 ||| FLEEEEING.
  1175 | D:2      | 1175 ||| FLEEEEING.
  1177 | D:2      | 1177 ||| FLEEEEING.
  1178 | D:2      | 1178 ||| STAIRDANCE
  1271 | D:2      | Reached XP level 4. HP: 28/28 MP: 4/4
  1432 | D:2      | Reached skill level 4 in Shields
  1527 | D:2      | You fall into a shaft and drop 1 floor!
  1553 | D:3      | 1553 ||| PLANNING SEWER
  1705 | D:3      | Reached skill level 5 in Shields
  1705 | D:3      | Reached XP level 5. HP: 18/32 MP: 5/5
  1779 | D:3      | Found a faded altar of an unknown god.
  1846 | D:3      | 1846 ||| Stepping ~*~*~tactically~*~*~ (stealth).
  1929 | D:3      | 1929 ||| DROPPING +0 club.
  1980 | D:3      | Found a glowing drain.
  1981 | D:3      | 1981 ||| READING 2 scrolls labelled NATHRY PAMA.
  1982 | D:3      | 1982 ||| READING scroll labelled UGOKACVOAX.
  1983 | D:3      | 1983 ||| READING 4 scrolls of identify.
  1983 | D:3      | 1983 ||| IDENTIFYING emerald potion
  1984 | D:3      | 1984 ||| READING 3 scrolls of identify.
  1984 | D:3      | 1984 ||| IDENTIFYING fizzy silvery potion
  1985 | D:3      | 1985 ||| READING 2 scrolls of identify.
  1985 | D:3      | 1985 ||| IDENTIFYING blue potion
  1986 | D:3      | 1986 ||| DROPPING scroll of fear.
  1987 | D:3      | 1987 ||| DROPPING potion of berserk rage.
  1998 | Sewer    | Entered a sewer
  2005 | Sewer    | 2005 ||| Stepping ~*~*~tactically~*~*~ (water).
  2061 | Sewer    | Noticed a water moccasin
  2072 | Sewer    | Killed a water moccasin
  2073 | Sewer    | Reached skill level 6 in Shields
  2073 | Sewer    | Reached XP level 6. HP: 36/37 MP: 6/6
  2112 | Sewer    | 2112 ||| UPGRADING to +0 pair of gloves.
  2117 | Sewer    | 2117 ||| READING scroll labelled NOL YNLIFENG.
  2118 | Sewer    | 2118 ||| READING scroll labelled MID QUDWEDO.
  2119 | Sewer    | 2119 ||| READING 2 scrolls of identify.
  2119 | Sewer    | 2119 ||| IDENTIFYING murky coppery potion
  2137 | D:3      | 2137 ||| PLANNING D:1-11
  2186 | D:3      | Noticed Natasha
  2200 | D:3      | HP: 5/37 [Natasha (5)]
  2202 | D:3      | HP: 1/37 [Natasha (3)]
  2204 | D:3      | Killed Natasha
  2217 | D:3      | Noticed Natasha
  2224 | D:3      | HP: 5/37 [Natasha/magic dart (3)]
  2227 | D:3      | Killed Natasha
  2428 | D:2      | 2428 ||| DROPPING +0 mace.
  2465 | D:2      | 2465 ||| Stepping ~*~*~tactically~*~*~ (hiding).
  2466 | D:2      | 2466 ||| Stepping ~*~*~tactically~*~*~ (hiding).
  2467 | D:2      | 2467 ||| Stepping ~*~*~tactically~*~*~ (hiding).
  2468 | D:2      | 2468 ||| Stepping ~*~*~tactically~*~*~ (hiding).
  2470 | D:2      | 2470 ||| Stepping ~*~*~tactically~*~*~ (hiding).
  2472 | D:2      | 2472 ||| Stepping ~*~*~tactically~*~*~ (hiding).
  2473 | D:2      | 2473 ||| Stepping ~*~*~tactically~*~*~ (hiding).
  2474 | D:2      | 2474 ||| Stepping ~*~*~tactically~*~*~ (hiding).
  2498 | D:2      | Identified the ring of Fustrogg {rElec rF+ rN+}
  2530 | D:2      | 2530 ||| READING scroll of enchant armour.
  2530 | D:2      | 2530 ||| ENCHANTING +0 pair of gloves.
  2637 | D:2      | 2637 ||| UPGRADING to ring of Fustrogg {rElec rF+ rN+}.
  2638 | D:2      | 2638 ||| READING scroll labelled POIG NUMPEILOR.
  3106 | D:3      | 3106 ||| UPGRADING to +0 plate armour.
  3116 | D:3      | 3116 ||| DROPPING +0 chain mail.
  3117 | D:3      | 3117 ||| UPGRADING to +0 helmet.
  3122 | D:3      | 3122 ||| READING scroll labelled ALELIU ICZIO.
  3235 | D:3      | Noticed Natasha
  3236 | D:3      | 3236 ||| Stepping ~*~*~tactically~*~*~ (hiding).
  3251 | D:3      | Killed Natasha
  3252 | D:3      | Reached skill level 7 in Shields
  3411 | D:4      | Found Cuadum Ceuni's Jewellery Shop.
  3415 | D:4      | 3415 ||| SHOPLISTING +4 ring of protection (360 gold, have
                  | 163).
  3415 | D:4      | 3415 ||| SHOPLISTING +6 ring of strength (360 gold, have
                  | 163).
  3415 | D:4      | 3415 ||| SHOPLISTING amulet of guardian spirit (300 gold,
                  | have 163).
  3415 | D:4      | 3415 ||| SHOPLISTING amulet of the acrobat (300 gold, have
                  | 163).
  3415 | D:4      | 3415 ||| SHOPLISTING ring of fire (250 gold, have 163).
  3415 | D:4      | 3415 ||| SHOPLISTING ring of protection from cold (250
                  | gold, have 163).
  3415 | D:4      | 3415 ||| BUYING ring of see invisible (150 gold).
  3415 | D:4      | Bought a ring of see invisible for 150 gold pieces
  3634 | D:4      | 3634 ||| UPGRADING to ring of see invisible.
  3635 | D:4      | 3635 ||| DRINKING 2 dark potions.
  3636 | D:4      | 3636 ||| DRINKING 4 potions of curing.
  3636 | D:4      | 3636 ||| (to cure confusion)
  3637 | D:4      | 3637 ||| DROPPING potion of ambrosia.
  3643 | D:4      | 3643 ||| STAIRDANCE
  3879 | D:5      | Entered Level 5 of the Dungeon
  3890 | D:5      | Reached XP level 7. HP: 12/41 MP: 7/7
  4041 | D:5      | 4041 ||| DRINKING 3 potions of curing.
  4041 | D:5      | 4041 ||| (to cure confusion)
  4052 | D:5      | 4052 ||| DRINKING 2 potions of curing.
  4052 | D:5      | 4052 ||| (to cure confusion)
  4065 | D:5      | HP: 10/41 [orc/+2 falchion of protection (2)]
  4067 | D:5      | HP: 3/41 [orc/+2 falchion of protection (2)]
  4068 | D:5      | Slain by an orc

Levels and vault maps discovered:
D:1:      spicycebolla_arrival_xxxplode, layout_loops_corners
D:2:      layout_rooms, grunt_decor_junction, chequers_avenue,
          nrook_mini_backslash, columned_hall_lemuel, minmay_misc_feat_room
D:3:      layout_basic, shapermc_ecumenical_altar_petra, portal_sewer_entry_b,
          uniq_natasha
D:4:      layout_loops_ring, serial_shops, nicolae_shop_back_alley_shop,
          st_stairs_12, serial_park_tiny_2
D:5:      layout_rooms, kennysheep_mini, nicolae_underground_beach

Skill      XL: |  1  2  3  4  5  6 |
---------------+-------------------+-----
Axes           | 2 3 4 |  4.1
Shields        | 5 6 7 |  7.9
Fighting       | |  3.2
Armour         | |  3.2

Action                     |  1- 3 |  4- 6 |  7- 9 || total
---------------------------+-------+-------+-------++-------
  Melee: War axe           |   119 |   193 |    29 ||   341
  Throw: Boomerang         |       |    29 |       ||    29
    Use: Scroll            |     3 |    11 |       ||    14
         Potion            |       |     2 |     2 ||     4
 Armour: Scale mail        |    38 |       |       ||    38
         Chain mail        |    23 |   104 |       ||   127
         Plate armour      |       |    44 |    77 ||   121
  Dodge: Dodged            |    40 |    26 |     9 ||    75
  Block: Buckler           |    24 |       |       ||    24
         Tower shield      |    21 |   168 |    62 ||   251

Table legend:
 A = Non-vault XP
 B = Vault XP
 C = Vault XP percentage of total XP
 D = Non-vault monster count
 E = Vault monster count
 F = Vault count percentage of total count
                 A         B        C        D         E       F
            +---------+---------+-------+---------+---------+-------
      Total |     636 |     233 |  26.8 |      88 |      11 |  11.1
            +---------+---------+-------+---------+---------+-------
        D:1 |      60 |       0 |   0.0 |      29 |       0 |   0.0
        D:2 |      47 |       0 |   0.0 |      21 |       0 |   0.0
        D:3 |     193 |      67 |  25.8 |      20 |       6 |  23.1
        D:4 |      58 |      13 |  18.3 |       9 |       1 |  10.0
        D:5 |     278 |       0 |   0.0 |       9 |       0 |   0.0
      Sewer |       0 |     153 | 100.0 |       0 |       4 | 100.0
            +---------+---------+-------+---------+---------+-------
